Jack Woodenstalk, chaotic male human Rogue ----- ---- ----- -----.|^---- |..| |..)------).........------..| --- --..........................-- --.-- |...)........>.-...----------- --...--- --...))..........................- |......| |....[......).).....------------- --- |.|....| ---....)...............--- --- ---.--|.|--.-- |...)..).|..---..........---.-- |.^...|.--------------...)...----- --..............| |.......................-....-- --..............| -----..*...-------------.........| |.............).---- |..--.|.....| |-.(.)...-- --..--........)[...-- --.....|.--..| |....---.----- ----|..............| |...--.|.||..| --....----.. .--- --.............| |......|.----- ---......| |.G....---- --..----......| -.....-|...|-- |..---...| --@.......| ---- |..---(..| |......|---.|.| |..| ----- |........- |..| -..| --.....| |..!| ---- ----......| ---- .| |*.|.-- --..| --.---- -- ------ ---- -- Jack Woodenstalk the Rogue Experience level: 8 Strength: 14 Dexterity: 18 Constitution: 13 Intelligence: 11 Wisdom: 12 Charisma: 10 Health: 0(59) Energy: 40(40) AC: 5 Gold: 186 Moves: 4810 Your Inventory: Coins $ - 186 gold pieces Weapons a - an uncursed +1 short sword (weapon in hand) Q - 7 uncursed +0 daggers W - 2 [blessed +0] daggers (in quiver) X - 4 [uncursed +0] darts Armor c - an uncursed +1 leather armor (being worn) h - an [uncursed] +0 hooded cloak [dwarvish] (being worn) L - an [uncursed] +0 pair of hard shoes [iron] (being worn) Comestibles Z - 4 [uncursed] food rations Scrolls E - an [uncursed] scroll of food detection G - an [uncursed] scroll of identify H - a [cursed] scroll of identify Rings m - a cursed ring of stealth (on right hand) Tools e - an uncursed lock pick f - an uncursed sack g - an uncursed blindfold Y - an [uncursed oil] lamp Contents of the sack: 2 [uncursed] green gems [worthless glass] an [uncursed] violet gem [amethyst] Spells known in the end: Name Level Category Fail Memory a - wizard lock 2 matter 100% [|||||||.] Your skills at the end: Fighting Skills Weapon Skills dagger [Basic / Expert] short sword [Basic / Expert] Spellcasting Skills Final Attributes: You were piously aligned. Hunger level was 699. Your alignment was 33 / 34. Monster difficulty range was 1 - 7. Level difficulty was 6. You were stealthy. You aggravated monsters. Your luck was zero. You are dead. Vanquished creatures: a ghost 3 small mimics a gnome king a dwarf mummy a lizard a raven a rope golem 2 Uruk-hai 2 rock piercers a rock mole a fog cloud a yellow light a shrieker a violet fungus 2 gnome lords a gnomish wizard a kobold mummy a ghoul a straw golem a giant ant 3 little dogs a floating eye 3 dwarves a kobold shaman 2 rothes a giant bat 2 orc zombies 3 iguanas an acid blob 3 coyotes 3 hobbits a large kobold 3 cave spiders a brown mold a yellow mold 16 gnomes 11 garter snakes 3 geckos 4 jackals a kobold a goblin a sewer rat 5 grid bugs 5 lichens 4 newts 105 creatures vanquished. Voluntary challenges: You used a wielded weapon 169 times. You read items or engraved 7 times. You put on armor 3 times. You never genocided any monsters. You never polymorphed an object. You never changed form. You used no wishes. You never wrote Elbereth's name. You encountered 2 bones levels. You never used any Sokoban shortcuts. Dungeon overview: The Dungeons of Doom: levels 1 to 5 Level 1 some fountains a long staircase Level 2 a general store, a fountain Level 3 a fountain Level 4 stairs to The Gnomish Mines Level 5 a scroll shop The Gnomish Mines: levels 5 to 6 Level 5 stairs to The Dungeons of Doom Level 6 <- You were here History has recorded: On T:1 you entered the Dungeons of Doom to retrieve the Amulet of Yendor! On T:251 you reached level 2 of The Dungeons of Doom. On T:480 you reached level 3 of The Dungeons of Doom. On T:573 you advanced to experience level 2. On T:716 you advanced to experience level 3. On T:790 you advanced to experience level 4. On T:890 you reached level 4 of The Dungeons of Doom. On T:974 you advanced to experience level 5. On T:1469 you reached level 1 of The Gnomish Mines. On T:1869 you advanced to experience level 6. On T:2051 you reached level 5 of The Dungeons of Doom. On T:2407 you advanced to experience level 7. On T:3488 you advanced to experience level 8. On T:4223 you reached level 2 of The Gnomish Mines. Latest messages: The gnome king swings his bow. The gnome king hits! [HP-9=50] You hit the gnome king. The gnome king swings his bow. The gnome king hits! [HP-10=40] You hit the gnome king. The gnome king swings his bow. The gnome king hits! [HP-8=32] You hit the gnome king. The gnome king swings his bow. The gnome king hits! [HP-6=26] Pick an object. Never mind. The gnome king swings his bow. The gnome king hits! The gnome king swings his bow. The gnome king hits! You die... Final status: Goodbye Jack Woodenstalk the Rogue... You died in The Gnomish Mines on dungeon level 6 with 5538 points, and 186 pieces of gold, after 4810 moves. You were level 8 with a maximum of 59 hit points when you died.